 Dungeon Crawl Stone Soup version 0.31-a0-920-g28cbb04a8c (webtiles) character file.

Game seed: 14753937472057917075

44 DocEon the Covered (level 3, -1/32 HPs)
             Began as an Armataur Fighter on Oct 18, 2023.
             Killed from afar by Natasha (4 damage)
             ... with a puff of flame
             ... on level 2 of the Dungeon.
             The game lasted 00:01:04 (1096 turns).

DocEon the Covered (Armataur Fighter)               Turns: 1096, Time: 00:01:05

Health: -1/32      AC:  8    Str: 21    XL:     3   Next: 39%
Magic:  3/3        EV:  7    Int:  8    God:
Gold:   61         SH:  4    Dex: 11    Spells: 2/2 levels left

rFire   . . .        a - +0 long sword
rCold   . . .        c - +0 buckler
rNeg    . . .        b - +0 scale mail
rPois   .            (no helmet)
rElec   .            h - +0 cloak
rCorr   .            (no gloves)
SInv    .            (no barding)
Will    .....        (no amulet) Stlth
                     (no ring)
HPRegen 0.25/turn    (no ring)
MPRegen 0.08/turn

%: roll
@: weak-willed
A: large, rugged brown scales 3, deformed body, armoured tail, roll, long
tongue, awkward tongue
a: no special abilities


You were on level 2 of the Dungeon.
You visited 1 branch of the dungeon, and saw 2 of its levels.

You collected 61 gold pieces.

Inventory:

Hand Weapons
 a - a +0 long sword (weapon)
Armour
 b - a +0 scale mail (worn)
 c - a +0 buckler (worn)
 h - a +0 cloak (worn)
Potions
 d - a potion of might
 e - a potion of attraction {unknown}
 f - a potion of curing {unknown}


   Skills:
 - Level 2.6 Fighting
 + Level 3.5 Long Blades
 - Level 3.6 Armour
 - Level 3.2 Shields


You had 2 spell levels left.
You didn't know any spells.
Your spell library contained the following spells:

 Spells                   Type           Power      Damage    Failure   Level
 Ozocubu's Armour         Ice            0%         N/A       99%         3
 Ozocubu's Refrigeration  Ice            0%         4d7       100%        7


Dungeon Overview and Level Annotations

Branches:
Dungeon (2/15)

Altars:

Annotations:
D:2 Natasha


Innate Abilities, Weirdness & Mutations

You are completely covered in rugged brown scales. (AC +3, +7% HP)
Armour fits poorly on your strangely shaped body.
You have a long armoured tail.
You roll when moving toward enemies. (Rampage)
Your long tongue fully drains potion bottles. (2x potion effects)
Your tongue gives you trouble enunciating. (1.5x scroll delay)


Message History

The cerulean imp closely misses you.
You closely miss the cerulean imp.
The cerulean imp is moderately wounded.
The cerulean imp hits you with a +0 spear.
You slash the cerulean imp!
The cerulean imp is severely wounded.
The cerulean imp hits you with a +0 spear.
Natasha hisses.
Natasha mumbles some strange words.
The cerulean imp hits you with a +0 spear.
You closely miss the cerulean imp.
The cerulean imp is severely wounded.
Natasha casts a spell.
The cerulean imp closely misses you. You block the cerulean imp's attack.
You closely miss the cerulean imp.
Your tail-slap misses the cerulean imp.
The cerulean imp is severely wounded.
The cerulean imp barely misses you.
The cerulean imp hits you with a +0 spear.
You slash the cerulean imp!
You kill the cerulean imp!
The cerulean imp disappears in a puff of smoke!
The cerulean imp hits you with a +4 spear.
You barely miss Natasha.
Natasha zaps a wand.
The puff of flame hits you but does no damage.
You block the cerulean imp's attack. The cerulean imp barely misses you.
Natasha zaps a wand.
The puff of flame hits you. The cerulean imp barely misses you.
You slash Natasha!
Natasha is heavily wounded.
The cerulean imp hits you from afar with a +2 spear.
You block Natasha's attack.
The cerulean imp hits you with a +4 spear.
* * * LOW HITPOINT WARNING * * *
The cerulean imp hits you from afar with a +2 spear.
* * * LOW HITPOINT WARNING * * *
You hit Natasha.
Natasha is severely wounded.
Natasha zaps a wand.
The puff of flame hits you.
You die...
Natasha begins licking her fur clean.

....# ... #..
########.. ....# ..
..#.. ...#.....
...†#.. #..#.#
#....... ....#.#####
##.##.# #...#.##
....#...... ...#.#
#....... .......#
####..#.#####..###.#
.......#
.....#.##.....# #.#
###.####
#######5..#........#
#.# ###.#
#....5h@..####.#####
#.. ....#
#.######......)# ###
##### #......#######
#.######


You could see Natasha and 2 cerulean imps.

Vanquished Creatures
  An adder (D:2)
  3 bats
  4 endoplasms
  3 goblins
  A hobgoblin (D:2)
  4 jackals (D:2)
  4 quokkas (D:2)
  3 ball pythons
  A frilled lizard (D:1)
  5 kobolds
  A rat (D:2)
30 creatures vanquished.

Notes
Turn   | Place    | Note
-------+----------+-------------------------------------------
     0 | D:1      | DocEon the Armataur Fighter began the quest for the Orb.
     0 | D:1      | Reached XP level 1. HP: 19/19 MP: 1/1
   257 | D:1      | Reached XP level 2. HP: 26/26 MP: 2/2
   370 | D:1      | You fall into a shaft and drop 1 floor!
   773 | D:2      | Reached XP level 3. HP: 16/32 MP: 3/3
  1084 | D:2      | Noticed Natasha
  1096 | D:2      | Killed from afar by Natasha

Illustrated notes

Levels and vault maps discovered:
D:1:      dpeg_arrival_solitude, layout_loops_ring, chequers_big_river,
          minmay_lizard_king
D:2:      layout_basic, uniq_natasha

Skill      XL: |  1  2 |
---------------+-------+-----
Long Blades    | 2 3 |  3.5
Fighting       | |  2.6
Armour         | |  3.6
Shields        | |  3.2

Action                     || total
---------------------------++-------
  Melee: Long sword        ||   142
         Tailslap          ||     9
    Use: Scroll            ||     1
 Armour: Scale mail        ||   146
  Dodge: Dodged            ||    56
  Block: Buckler           ||    39

Table legend: (Time is in decaauts)
 A = Elapsed time spent in this place.
 B = Non-inter-level travel time spent in this place.
 C = Inter-level travel time spent in this place.
 D = Time resting spent in this place.
 E = Time spent auto-exploring this place.
 F = Levels seen in this place.
 G = Mean time per level.
                   A        B        C        D        E       F      G
               +--------+--------+--------+--------+--------+-----+--------+
         Total |   1138 |   1138 |      0 |    131 |    692 |   2 |  569.0 |
       Dungeon |   1138 |   1138 |      0 |    131 |    692 |   2 |  569.0 |
               +--------+--------+--------+--------+--------+-----+--------+

Top non-repeatable levels by time:
     D:2: 758 daAuts
     D:1: 380 daAuts
